Nordiques vs Predators
Created - 16 mars 2015 at 19:23
Goals
|
| Nordiques |
3 |
0 |
3 |
6 |
| Predators |
0 |
0 |
4 |
4 |
|
Shots
|
| Nordiques |
14 |
4 |
13 |
31 |
| Predators |
7 |
10 |
17 |
34 |
|
1st period
1. Nordiques , Brian Pothier 3 (Patrik Elias, Mattias Weinhandl) at 10:25
2. Nordiques , Andrei Kostitsyn 37 (Jordan Leopold, Peter Prucha) at 10:37
3. Nordiques , Matt Ellison 4 (Brian Pothier, Alexei Ponikarovsky) at 18:00
Penalties :
No Penalty
2nd period
No Goal
Penalties :
Michael Grabner (Nas) for Roughing (Minor) at 4:39, Jordan Leopold (Que) for Roughing (Double Minor) at 7:33, Peter Prucha (Que) for Holding (Minor) at 13:25, Alexander Steen (Nas) for Hooking (Minor) at 15:55
3rd period
4. Nordiques , Alexander Perezhogin 8 (Marcel Hossa, Jordan Leopold) at 3:25
5. Nordiques , Cédric Lalonde-McNicoll 2 (Alexander Perezhogin, Marcel Hossa) at 4:16 (PP)
6. Predators , Georges Laraque 13 (Andy Miele) at 8:43
7. Predators , Joe Thornton 37 (Alexander Ovechkin, Ryan Mcdonagh) at 10:29 (PP)
8. Predators , Alexander Ovechkin 40 (Joe Thornton, Ryan Mcdonagh) at 12:07
9. Nordiques , Matt Duchene 14 (Andrei Kostitsyn) at 13:10 (PP)
10. Predators , Alexander Ovechkin 41 (Danny Richmond, Michael Grabner) at 14:47 (PP)
Penalties :
Jordan Leopold (Que) for Hooking (Minor) at 0:22, Joe Thornton (Nas) for Holding (Minor) at 4:13, Jordan Leopold (Que) for Slashing (Minor) at 9:42, Alexander Steen (Nas) for Hooking (Minor) at 13:00, Matt Ellison (Que) for Holding Stick (Minor) at 14:29, Alexander Steen (Nas) for Holding Stick (Minor) at 18:02
Goalie Stats
Jean-Sébastien Giguère (Que), 30 saves from 34 shots - (0,882), W, 19-21-4, 60:00 minutes
Kari Lehtonen (Nas), 19 saves from 24 shots - (0,792), L, 29-22-4, 44:16 minutes
Ray Emery (Nas), 6 saves from 7 shots - (0,857), 15:44 minutes
Players Stats for Nordiques
Player Name G A P +/- PIM S H SB GA TA FO MP PP MP PK MP
------------------------------------------------------------------------------------
Alexander Perezhogin 1 1 2 0 0 2 2 0 0 0 1/1 14:43 2:38 0:13
Alexei Ponikarovsky 0 1 1 1 0 0 1 0 0 0 0/0 9:56 0:45 3:05
Andrei Kostitsyn 1 1 2 1 0 5 3 0 1 0 2/2 21:54 2:30 1:54
Brian Pothier 1 1 2 1 0 2 1 2 0 1 0/0 14:56 0:00 4:18
Bryan McCabe 0 0 0 0 0 4 0 0 0 0 0/0 20:14 2:07 3:16
Cédric Lalonde-McNicoll 1 0 1 0 0 1 2 0 0 1 4/13 14:30 2:38 0:00
Ed Jovanovski 0 0 0 1 0 1 0 1 0 1 0/0 12:41 0:00 1:03
Ivan Vishnevski 0 0 0 0 0 1 0 1 0 1 0/0 19:04 2:07 2:34
Jeff Halpern 0 0 0 1 0 0 1 0 0 0 2/7 10:51 0:45 4:32
Jordan Leopold 0 2 2 1 8 2 1 3 1 0 0/0 25:08 4:01 1:17
Marcel Hossa 0 2 2 0 0 1 3 0 0 0 1/1 14:30 2:38 0:00
Matt Duchene 1 0 1 1 0 4 1 1 0 0 12/28 21:59 2:30 1:37
Matt Ellison 1 0 1 1 2 2 0 0 0 0 0/0 6:18 0:45 0:00
Mattias Weinhandl 0 1 1 0 0 3 0 0 0 0 0/0 9:37 0:15 0:00
Patrik Elias 0 1 1 0 0 1 1 0 0 1 0/0 11:48 0:15 2:11
Peter Prucha 0 1 1 1 2 2 3 2 1 0 1/3 23:33 2:30 3:34
Rickard Wallin 0 0 0 0 0 0 0 0 0 0 1/7 10:58 0:15 1:11
Ryan Parent 0 0 0 1 0 0 1 5 0 1 0/0 28:13 4:01 5:23
Players Stats for Predators
Player Name G A P +/- PIM S H SB GA TA FO MP PP MP PK MP
------------------------------------------------------------------------------------
Alexander Edler 0 0 0 -1 0 1 2 2 1 0 0/0 27:55 4:48 4:11
Alexander Ovechkin 2 1 3 0 0 7 0 0 0 1 2/4 25:47 4:34 3:46
Alexander Steen 0 0 0 -2 6 3 1 0 0 0 0/0 16:25 3:41 0:55
Andy Miele 0 1 1 0 0 0 2 0 1 0 8/8 14:35 0:11 0:00
Barret Jackman 0 0 0 1 0 4 0 0 0 0 0/0 10:36 0:19 0:00
Brad Boyes 0 0 0 0 0 2 0 0 0 0 1/1 20:48 3:41 0:00
Danny Richmond 0 1 1 -2 0 2 0 1 0 0 0/0 21:10 3:55 1:57
Georges Laraque 1 0 1 1 0 2 0 0 0 0 0/0 8:45 0:49 0:00
Jeremy Williams 0 0 0 -1 0 1 2 0 1 0 0/0 8:10 0:00 0:00
Joe Thornton 1 1 2 0 2 5 2 0 0 0 19/35 25:27 4:17 3:35
Joffrey Lupul 0 0 0 -1 0 1 0 0 0 0 0/0 9:26 0:34 0:34
Kent Huskins 0 0 0 1 0 0 0 1 0 0 0/0 10:36 0:19 0:00
Kris Vernarsky 0 0 0 -2 0 0 0 1 0 0 7/12 16:09 3:41 0:41
Michael Grabner 0 1 1 -2 2 1 0 0 1 0 0/1 17:29 4:32 1:18
Oleg Saprykin 0 0 0 1 0 2 1 1 2 0 1/1 10:35 1:06 1:27
Paul Mara 0 0 0 0 0 0 0 0 0 0 0/0 3:26 0:00 0:00
Robyn Regehr 0 0 0 -2 0 2 1 3 0 1 0/0 18:50 3:55 1:57
Ryan Mcdonagh 0 2 2 -1 0 1 1 1 0 1 0/0 27:38 4:48 4:11
3 Stars
1 - Alexander Ovechkin (Nas)
2 - Andrei Kostitsyn (Que)
3 - Brian Pothier (Que)
Power Play
Nordiques - 2 on 5 Attempt(s) - 40,00%
Predators - 2 on 6 Attempt(s) - 33,33%
Penalty Kill
Nordiques - 4 on 6 Attempt(s) - 66,67%
- Score 0 goal in Penalty Kill
Predators - 3 on 5 Attempt(s) - 60,00%
- Score 0 goal in Penalty Kill
Team Stat
Nordiques - Hits : 20 - Faceoff Wins : 24 - Blocked Shots : 15 - Penalty Minutes : 12
Predators - Hits : 12 - Faceoff Wins : 38 - Blocked Shots : 10 - Penalty Minutes : 10
Official
Referees : StLaurent Francois and Walkom Stephen
Linesman : Steve Barton and Mike Cvik
Game Notes
10:37 of 1st period - Nordiques goal is going for a video replay. After video review, Goal.
Ray Emery enters game at 4:16 of 3rd period
Finance
Level 1 -- Attendance: 4889 (81,48%) -- Ticket Income 425 343 $
Level 2 -- Attendance: 3429 (68,58%) -- Ticket Income 195 453 $
Level 3 -- Attendance: 1700 (85,00%) -- Ticket Income 54 400 $
Level 4 -- Attendance: 2977 (74,43%) -- Ticket Income 62 517 $
Luxury Box -- Attendance: 778 (77,80%) -- Ticket Income 145 486 $
Game was played at the Wildcat center'
Total Attendance: 13773 (76,52%)
Total Ticket Income: 883 199 $
Other Income: 132 480 $
Total Income: 1 015 679 $
Nordiques
5 vs 5 Forward
Center Left Wing Right Wing Time % Phy DF OF
1 Matt Duchene Andrei Kostitsyn Peter Prucha 40 0 2 3
2 Cédric Lalonde-McNicoll Marcel Hossa Alexander Perezhogin 30 0 2 3
3 Rickard Wallin Patrik Elias Mattias Weinhandl 20 1 2 2
4 Jeff Halpern Alexei Ponikarovsky Matt Ellison 10 1 2 2
5 vs 5 Defense
Defense Defense Time % Phy DF OF
1 Jordan Leopold Ryan Parent 40 0 2 3
2 Bryan McCabe Ivan Vishnevski 30 0 2 3
3 Ed Jovanovski Brian Pothier 20 1 2 2
4 Jordan Leopold Ryan Parent 10 1 2 2
PowerPlay Forward
Center Left Wing Right Wing Time % Phy DF OF
1 Matt Duchene Andrei Kostitsyn Peter Prucha 60 0 1 4
2 Cédric Lalonde-McNicoll Marcel Hossa Alexander Perezhogin 40 0 1 4
PowerPlay Defense
Defense Defense Time % Phy DF OF
1 Jordan Leopold Ryan Parent 60 0 2 3
2 Bryan McCabe Ivan Vishnevski 40 0 2 3
Penalty Kill 4 Players Forward
Center Wing Time % Phy DF OF
1 Jeff Halpern Peter Prucha 60 1 3 1
2 Rickard Wallin Alexei Ponikarovsky 40 1 3 1
Penalty Kill 4 Players Defense
Defense Defense Time % Phy DF OF
1 Jordan Leopold Ryan Parent 60 1 3 1
2 Bryan McCabe Ivan Vishnevski 40 1 3 1
Penalty Kill - 3 Players Forward
Forward Time % Phy DF OF
1 Jeff Halpern 60 1 3 1
2 Rickard Wallin 40 1 3 1
Penalty Kill - 3 Players Defense
Defense Defense Time % Phy DF OF
1 Jordan Leopold Ryan Parent 60 1 3 1
2 Bryan McCabe Ivan Vishnevski 40 1 3 1
4 vs 4 Forward
Center Wing Time % Phy DF OF
1 Matt Duchene Andrei Kostitsyn 60 0 2 3
2 Cédric Lalonde-McNicoll Alexander Perezhogin 40 0 2 3
4 vs 4 Defense
Defense Defense Time % Phy DF OF
1 Jordan Leopold Ryan Parent 60 1 2 2
2 Bryan McCabe Ivan Vishnevski 40 1 2 2
Last Minutes Offensive
Center Left Wing Right Wing Defense Defense
Matt Duchene Andrei Kostitsyn Peter Prucha Jordan Leopold Ryan Parent
Last Minutes Defensive
Center Left Wing Right Wing Defense Defense
Matt Duchene Andrei Kostitsyn Peter Prucha Jordan Leopold Ryan Parent
Goaltenders
Starting : Jean-Sébastien Giguère
Backup : Chris Mason
Extra Forwards
Normal : Patrik Elias, Andrei Kostitsyn, Matt Duchene - PP : Marcel Hossa, Andrei Kostitsyn - PK : Patrik Elias
Extra Defensemen
Normal : Brian Pothier, Ryan Parent, Jordan Leopold - PP : Brian Pothier - PK : Jordan Leopold, Ryan Parent
Penalty Shots
Peter Prucha, Andrei Kostitsyn, Marcel Hossa, Matt Duchene, Cédric Lalonde-McNicoll
Predators
5 vs 5 Forward
Center Left Wing Right Wing Time % Phy DF OF
1 Joe Thornton Alexander Ovechkin Brad Boyes 40 1 2 2
2 Kris Vernarsky Alexander Steen Michael Grabner 30 1 2 2
3 Andy Miele Oleg Saprykin Georges Laraque 15 2 1 2
4 Andy Miele Joffrey Lupul Jeremy Williams 15 1 2 2
5 vs 5 Defense
Defense Defense Time % Phy DF OF
1 Alexander Edler Ryan Mcdonagh 40 1 2 2
2 Danny Richmond Robyn Regehr 30 1 2 2
3 Kent Huskins Barret Jackman 20 1 2 2
4 Paul Mara Danny Richmond 10 1 2 2
PowerPlay Forward
Center Left Wing Right Wing Time % Phy DF OF
1 Joe Thornton Alexander Ovechkin Michael Grabner 60 1 2 2
2 Kris Vernarsky Alexander Steen Brad Boyes 40 1 2 2
PowerPlay Defense
Defense Defense Time % Phy DF OF
1 Alexander Edler Ryan Mcdonagh 60 1 2 2
2 Danny Richmond Robyn Regehr 40 1 2 2
Penalty Kill 4 Players Forward
Center Wing Time % Phy DF OF
1 Joe Thornton Alexander Ovechkin 60 1 2 2
2 Oleg Saprykin Alexander Steen 40 1 2 2
Penalty Kill 4 Players Defense
Defense Defense Time % Phy DF OF
1 Alexander Edler Ryan Mcdonagh 60 1 2 2
2 Robyn Regehr Danny Richmond 40 1 2 2
Penalty Kill - 3 Players Forward
Forward Time % Phy DF OF
1 Alexander Ovechkin 60 1 2 2
2 Georges Laraque 40 1 2 2
Penalty Kill - 3 Players Defense
Defense Defense Time % Phy DF OF
1 Alexander Edler Ryan Mcdonagh 60 1 2 2
2 Robyn Regehr Danny Richmond 40 1 2 2
4 vs 4 Forward
Center Wing Time % Phy DF OF
1 Joe Thornton Alexander Ovechkin 60 1 2 2
2 Georges Laraque Oleg Saprykin 40 1 2 2
4 vs 4 Defense
Defense Defense Time % Phy DF OF
1 Alexander Edler Ryan Mcdonagh 60 1 2 2
2 Robyn Regehr Danny Richmond 40 1 2 2
Last Minutes Offensive
Center Left Wing Right Wing Defense Defense
Joe Thornton Alexander Steen Michael Grabner Alexander Edler Danny Richmond
Last Minutes Defensive
Center Left Wing Right Wing Defense Defense
Joe Thornton Oleg Saprykin Georges Laraque Ryan Mcdonagh Danny Richmond
Goaltenders
Starting : Kari Lehtonen
Backup : Ray Emery
Extra Forwards
Normal : Kris Vernarsky, Oleg Saprykin, Michael Grabner - PP : Kris Vernarsky, Oleg Saprykin - PK : Michael Grabner
Extra Defensemen
Normal : Kent Huskins, Alexander Edler, Ryan Mcdonagh - PP : Kent Huskins - PK : Danny Richmond, Ryan Mcdonagh
Penalty Shots
Alexander Steen, Joe Thornton, Alexander Ovechkin, Michael Grabner, Joffrey Lupul
% Time on Ice - Nordiques
Lines # - Real PCT - Wanted PCT - Time Play
Normal Forward
1 - 40% - 40% - 17:52
2 - 27% - 30% - 12:07
3 - 21% - 20% - 9:17
4 - 12% - 10% - 5:34
Normal Defense
1 - 42% - 40% - 18:44
2 - 32% - 30% - 14:23
3 - 22% - 20% - 9:58
4 - 4% - 10% - 1:45
PP Forward
1 - 41% - 60% - 2:30
2 - 59% - 40% - 3:38
PP Defense
1 - 65% - 60% - 4:01
2 - 35% - 40% - 2:07
PK Forward
1 - 87% - 60% - 7:51
2 - 13% - 40% - 1:11
PK Defense
1 - 73% - 60% - 6:38
2 - 27% - 40% - 2:24
PK3 Forward
1 - 0% - 60%
2 - 0% - 40%
PK3 Defense
1 - 0% - 60%
2 - 0% - 40%
44 Forward
1 - 0% - 60%
2 - 0% - 40%
44 Defense
1 - 0% - 60%
2 - 0% - 40%
Last Minute Offensive - 0:00
Last Minute Defensive - 0:00
Total
Forward - 60:00
Defense - 60:00
|
% Time on Ice - Predators
Lines # - Real PCT - Wanted PCT - Time Play
Normal Forward
1 - 39% - 40% - 17:16
2 - 26% - 30% - 11:30
3 - 18% - 15% - 7:54
4 - 18% - 15% - 8:10
Normal Defense
1 - 41% - 40% - 18:22
2 - 29% - 30% - 12:58
3 - 22% - 20% - 10:04
4 - 8% - 10% - 3:26
PP Forward
1 - 57% - 60% - 5:10
2 - 43% - 40% - 3:52
PP Defense
1 - 57% - 60% - 5:07
2 - 43% - 40% - 3:55
PK Forward
1 - 76% - 60% - 4:41
2 - 24% - 40% - 1:27
PK Defense
1 - 68% - 60% - 4:11
2 - 32% - 40% - 1:57
PK3 Forward
1 - 0% - 60%
2 - 0% - 40%
PK3 Defense
1 - 0% - 60%
2 - 0% - 40%
44 Forward
1 - 0% - 60%
2 - 0% - 40%
44 Defense
1 - 0% - 60%
2 - 0% - 40%
Last Minute Offensive - 0:00
Last Minute Defensive - 0:00
Total
Forward - 60:00
Defense - 60:00
|
Play by Play
1st period
0:01 of 1st period - Brad Boyes wins face-off versus Matt Duchene in neutral zone.
0:12 of 1st period - Snap shot by Alexander Ovechkin.
0:12 of 1st period - Stopped by Jean-Sébastien Giguère with a rebound.
0:53 of 1st period - Snap shot by Mattias Weinhandl.
0:53 of 1st period - Stopped by Kari Lehtonen with a rebound.
1:18 of 1st period - Slapshot by Bryan McCabe.
1:18 of 1st period - Stopped by Kari Lehtonen with a rebound.
1:20 of 1st period - Slapshot by Bryan McCabe.
1:20 of 1st period - Deflect By Matt Ellison.
1:20 of 1st period - Stopped by Kari Lehtonen with a rebound.
1:22 of 1st period - Slapshot by Bryan McCabe.
1:22 of 1st period - Shot Misses the Net.
1:24 of 1st period - Wrist shot by Bryan McCabe.
1:24 of 1st period - Stopped by Kari Lehtonen without a rebound.
1:25 of 1st period - Joe Thornton wins face-off versus Matt Duchene in Predators zone.
1:50 of 1st period - Kent Huskins is hit by Alexander Perezhogin and loses puck.
1:57 of 1st period - Wrist shot by Bryan McCabe.
1:57 of 1st period - Shot Misses the Net.
2:35 of 1st period - Slapshot by Mattias Weinhandl.
2:35 of 1st period - Stopped by Kari Lehtonen with a rebound.
2:53 of 1st period - Wrist shot by Patrik Elias.
2:53 of 1st period - Stopped by Kari Lehtonen with a rebound.
3:17 of 1st period - Snap shot by Mattias Weinhandl.
3:17 of 1st period - Stopped by Kari Lehtonen without a rebound.
3:18 of 1st period - Matt Duchene wins face-off versus Kris Vernarsky in Predators zone.
3:21 of 1st period - Snap shot by Andrei Kostitsyn.
3:21 of 1st period - Shot Misses the Net.
3:23 of 1st period - Slapshot by Ryan Parent.
3:23 of 1st period - Shot Blocked by Kris Vernarsky.
3:45 of 1st period - Alexander Edler is hit by Marcel Hossa.
4:13 of 1st period - Danny Richmond is hit by Alexei Ponikarovsky and loses puck.
6:08 of 1st period - Danny Richmond is hit by Peter Prucha and loses puck.
6:28 of 1st period - Joffrey Lupul is hit by Patrik Elias and loses puck.
7:07 of 1st period - Andy Miele is hit by Ryan Parent and loses puck.
7:43 of 1st period - Ryan Mcdonagh is hit by Andrei Kostitsyn and loses puck.
9:03 of 1st period - Icing by Rickard Wallin.
9:04 of 1st period - Andy Miele wins face-off versus Cédric Lalonde-McNicoll in Nordiques zone.
9:05 of 1st period - Slapshot by Alexander Edler.
9:05 of 1st period - Stopped by Jean-Sébastien Giguère with a rebound.
9:23 of 1st period - Wrist shot by Matt Duchene.
9:23 of 1st period - Stopped by Kari Lehtonen without a rebound.
9:24 of 1st period - Joe Thornton wins face-off versus Matt Duchene in Predators zone.
9:29 of 1st period - Snap shot by Joe Thornton.
9:29 of 1st period - Stopped by Jean-Sébastien Giguère without a rebound.
9:30 of 1st period - Matt Duchene wins face-off versus Kris Vernarsky in Nordiques zone.
10:21 of 1st period - Wrist shot by Patrik Elias.
10:21 of 1st period - Shot Misses the Net.
10:23 of 1st period - Slapshot by Brian Pothier.
10:23 of 1st period - Shot Misses the Net.
10:25 of 1st period - Slapshot by Brian Pothier.
10:25 of 1st period - Goal by Brian Pothier - Nordiques : 1 - Predators : 0.
10:26 of 1st period - Matt Duchene wins face-off versus Kris Vernarsky in neutral zone.
10:33 of 1st period - Snap shot by Peter Prucha.
10:33 of 1st period - Shot Misses the Net.
10:35 of 1st period - Slapshot by Jordan Leopold.
10:35 of 1st period - Stopped by Kari Lehtonen with a rebound.
10:37 of 1st period - Wrist shot by Andrei Kostitsyn.
10:37 of 1st period - Nordiques goal is going for a video replay.
10:37 of 1st period - The goal is good.
10:37 of 1st period - Goal by Andrei Kostitsyn - Nordiques : 2 - Predators : 0.
10:38 of 1st period - Matt Duchene wins face-off versus Joe Thornton in neutral zone.
10:55 of 1st period - Peter Prucha is hit by Ryan Mcdonagh.
11:05 of 1st period - Michael Grabner is hit by Jordan Leopold and loses puck.
12:04 of 1st period - Danny Richmond is hit by Brian Pothier and loses puck.
12:39 of 1st period - Snap shot by Marcel Hossa.
12:39 of 1st period - Stopped by Kari Lehtonen without a rebound.
12:40 of 1st period - Joe Thornton wins face-off versus Rickard Wallin in Predators zone.
12:46 of 1st period - Icing by Brad Boyes.
12:47 of 1st period - Alexander Ovechkin wins face-off versus Matt Duchene in Predators zone.
14:05 of 1st period - Wrist shot by Andy Miele.
14:05 of 1st period - Deflect By Joffrey Lupul.
14:05 of 1st period - Stopped by Jean-Sébastien Giguère without a rebound.
14:06 of 1st period - Andy Miele wins face-off versus Matt Duchene in Nordiques zone.
14:07 of 1st period - Slapshot by Alexander Edler.
14:07 of 1st period - Shot Blocked by Ed Jovanovski.
14:09 of 1st period - Snap shot by Joffrey Lupul.
14:09 of 1st period - Shot Blocked by Peter Prucha.
14:17 of 1st period - Snap shot by Jeremy Williams.
14:17 of 1st period - Deflect By Andy Miele.
14:17 of 1st period - Shot Blocked by Peter Prucha.
14:17 of 1st period - Puck is out of play.
14:18 of 1st period - Kris Vernarsky wins face-off versus Matt Duchene in Nordiques zone.
14:19 of 1st period - Slapshot by Alexander Steen.
14:19 of 1st period - Stopped by Jean-Sébastien Giguère with a rebound.
14:33 of 1st period - Wrist shot by Kris Vernarsky.
14:33 of 1st period - Deflect By Michael Grabner.
14:33 of 1st period - Shot Misses the Net.
14:33 of 1st period - Puck is out of play.
14:34 of 1st period - Cédric Lalonde-McNicoll wins face-off versus Joe Thornton in Nordiques zone.
16:07 of 1st period - Georges Laraque is hit by Marcel Hossa and loses puck.
16:38 of 1st period - Snap shot by Matt Duchene.
16:38 of 1st period - Stopped by Kari Lehtonen with a rebound.
17:45 of 1st period - Alexander Edler is hit by Peter Prucha and loses puck.
17:56 of 1st period - Snap shot by Alexei Ponikarovsky.
17:56 of 1st period - Shot Misses the Net.
17:58 of 1st period - Slapshot by Brian Pothier.
17:58 of 1st period - Shot Misses the Net.
18:00 of 1st period - Snap shot by Matt Ellison.
18:00 of 1st period - Goal by Matt Ellison - Nordiques : 3 - Predators : 0.
18:01 of 1st period - Matt Duchene wins face-off versus Joe Thornton in neutral zone.
18:36 of 1st period - Snap shot by Kris Vernarsky.
18:36 of 1st period - Shot Blocked by Ryan Parent.
18:38 of 1st period - Snap shot by Michael Grabner.
18:38 of 1st period - Shot Blocked by Jordan Leopold.
18:40 of 1st period - Slapshot by Danny Richmond.
18:40 of 1st period - Deflect By Kris Vernarsky.
18:40 of 1st period - Shot Misses the Net.
18:40 of 1st period - Puck is out of play.
18:41 of 1st period - Andy Miele wins face-off versus Matt Duchene in Nordiques zone.
18:42 of 1st period - Snap shot by Oleg Saprykin.
18:42 of 1st period - Stopped by Jean-Sébastien Giguère without a rebound.
18:43 of 1st period - Andy Miele wins face-off versus Matt Duchene in Nordiques zone.
18:58 of 1st period - Snap shot by Oleg Saprykin.
18:58 of 1st period - Shot Misses the Net.
19:36 of 1st period - Snap shot by Kris Vernarsky.
19:36 of 1st period - Shot Blocked by Brian Pothier.
19:38 of 1st period - Snap shot by Robyn Regehr.
19:38 of 1st period - Stopped by Jean-Sébastien Giguère with a rebound.
19:40 of 1st period - Slapshot by Danny Richmond.
19:40 of 1st period - Shot Blocked by Brian Pothier.
19:52 of 1st period - Patrik Elias is hit by Andy Miele and loses puck.
Goals for this period are 3 for Nordiques vs 0 for Predators.
Shots for this period are 14 for Nordiques vs 7 for Predators.
2nd period
0:01 of 2nd period - Joe Thornton wins face-off versus Peter Prucha in neutral zone.
0:08 of 2nd period - Wrist shot by Joe Thornton.
0:08 of 2nd period - Stopped by Jean-Sébastien Giguère with a rebound.
0:10 of 2nd period - Snap shot by Robyn Regehr.
0:10 of 2nd period - Stopped by Jean-Sébastien Giguère with a rebound.
0:12 of 2nd period - Wrist shot by Alexander Ovechkin.
0:12 of 2nd period - Stopped by Jean-Sébastien Giguère without a rebound.
0:13 of 2nd period - Matt Duchene wins face-off versus Joe Thornton in Nordiques zone.
0:19 of 2nd period - Icing by Peter Prucha.
0:20 of 2nd period - Joe Thornton wins face-off versus Matt Duchene in Nordiques zone.
0:39 of 2nd period - Snap shot by Brad Boyes.
0:39 of 2nd period - Stopped by Jean-Sébastien Giguère with a rebound.
0:57 of 2nd period - Snap shot by Peter Prucha.
0:57 of 2nd period - Shot Blocked by Alexander Edler.
1:27 of 2nd period - Snap shot by Joe Thornton.
1:27 of 2nd period - Shot Misses the Net.
1:35 of 2nd period - Alexander Ovechkin is hit by Andrei Kostitsyn and loses puck.
1:51 of 2nd period - Icing by Ryan Parent.
1:52 of 2nd period - Matt Duchene wins face-off versus Kris Vernarsky in Nordiques zone.
2:17 of 2nd period - Peter Prucha is hit by Jeremy Williams and loses puck.
2:32 of 2nd period - Wrist shot by Andrei Kostitsyn.
2:32 of 2nd period - Shot Blocked by Robyn Regehr.
2:34 of 2nd period - Backhand shot by Peter Prucha.
2:34 of 2nd period - Shot Misses the Net.
2:36 of 2nd period - Snap shot by Peter Prucha.
2:36 of 2nd period - Stopped by Kari Lehtonen with a rebound.
2:38 of 2nd period - Snap shot by Ivan Vishnevski.
2:38 of 2nd period - Stopped by Kari Lehtonen with a rebound.
3:00 of 2nd period - Snap shot by Andrei Kostitsyn.
3:00 of 2nd period - Shot Blocked by Robyn Regehr.
3:38 of 2nd period - Snap shot by Andrei Kostitsyn.
3:38 of 2nd period - Shot Blocked by Danny Richmond.
3:40 of 2nd period - Snap shot by Andrei Kostitsyn.
3:40 of 2nd period - Shot Misses the Net.
3:42 of 2nd period - Slapshot by Brian Pothier.
3:42 of 2nd period - Stopped by Kari Lehtonen without a rebound.
3:43 of 2nd period - Cédric Lalonde-McNicoll wins face-off versus Kris Vernarsky in Predators zone.
3:57 of 2nd period - Wrist shot by Alexander Steen.
3:57 of 2nd period - Shot Misses the Net.
3:59 of 2nd period - Snap shot by Alexander Steen.
3:59 of 2nd period - Shot Misses the Net.
4:39 of 2nd period - Minor Penalty to Michael Grabner for Roughing.
4:40 of 2nd period - Alexander Perezhogin wins face-off versus Joe Thornton in Predators zone.
5:26 of 2nd period - Oleg Saprykin is hit by Jeff Halpern and loses puck.
6:39 of 2nd period - Penalty to Michael Grabner is over, Michael Grabner is back on ice.
6:46 of 2nd period - Slapshot by Oleg Saprykin.
6:46 of 2nd period - Shot Hit the Post.
6:48 of 2nd period - Snap shot by Georges Laraque.
6:48 of 2nd period - Stopped by Jean-Sébastien Giguère without a rebound.
6:49 of 2nd period - Andy Miele wins face-off versus Rickard Wallin in Nordiques zone.
7:14 of 2nd period - Slapshot by Oleg Saprykin.
7:14 of 2nd period - Stopped by Jean-Sébastien Giguère with a rebound.
7:16 of 2nd period - Snap shot by Barret Jackman.
7:16 of 2nd period - Shot Misses the Net.
7:18 of 2nd period - Slapshot by Barret Jackman.
7:18 of 2nd period - Stopped by Jean-Sébastien Giguère without a rebound.
7:19 of 2nd period - Joe Thornton wins face-off versus Rickard Wallin in Nordiques zone.
7:24 of 2nd period - Wrist shot by Alexander Ovechkin.
7:24 of 2nd period - Shot Blocked by Jordan Leopold.
7:26 of 2nd period - Slapshot by Ryan Mcdonagh.
7:26 of 2nd period - Stopped by Jean-Sébastien Giguère without a rebound.
7:27 of 2nd period - Joe Thornton wins face-off versus Rickard Wallin in Nordiques zone.
7:33 of 2nd period - Double Minor Penalty to Jordan Leopold for Roughing.
7:34 of 2nd period - Peter Prucha wins face-off versus Alexander Ovechkin in Nordiques zone.
10:13 of 2nd period - Alexander Edler is hit by Alexander Perezhogin and loses puck.
11:33 of 2nd period - Penalty to Jordan Leopold is over, Jordan Leopold is back on ice.
11:34 of 2nd period - Slapshot by Ryan Parent.
11:34 of 2nd period - Shot Blocked by Kent Huskins.
11:57 of 2nd period - Marcel Hossa is hit by Jeremy Williams.
13:07 of 2nd period - Joe Thornton is hit by Marcel Hossa and loses puck.
13:25 of 2nd period - Minor Penalty to Peter Prucha for Holding.
13:26 of 2nd period - Kris Vernarsky wins face-off versus Jeff Halpern in Nordiques zone.
15:25 of 2nd period - Penalty to Peter Prucha is over, Peter Prucha is back on ice.
15:31 of 2nd period - Andrei Kostitsyn is hit by Andy Miele and loses puck.
15:36 of 2nd period - Wrist shot by Jeremy Williams.
15:36 of 2nd period - Stopped by Jean-Sébastien Giguère without a rebound.
15:37 of 2nd period - Andy Miele wins face-off versus Cédric Lalonde-McNicoll in Nordiques zone.
15:46 of 2nd period - Slapshot by Andy Miele.
15:46 of 2nd period - Shot Misses the Net.
15:52 of 2nd period - Wrist shot by Ed Jovanovski.
15:52 of 2nd period - Stopped by Kari Lehtonen without a rebound.
15:53 of 2nd period - Kris Vernarsky wins face-off versus Rickard Wallin in Predators zone.
15:55 of 2nd period - Minor Penalty to Alexander Steen for Hooking.
15:56 of 2nd period - Alexander Ovechkin wins face-off versus Matt Duchene in Predators zone.
16:15 of 2nd period - Icing by Jordan Leopold.
16:16 of 2nd period - Joe Thornton wins face-off versus Matt Duchene in Nordiques zone.
16:32 of 2nd period - Alexander Ovechkin is hit by Peter Prucha and loses puck.
17:03 of 2nd period - Wrist shot by Alexander Ovechkin.
17:03 of 2nd period - Deflect By Joe Thornton.
17:03 of 2nd period - Stopped by Jean-Sébastien Giguère without a rebound.
17:04 of 2nd period - Oleg Saprykin wins face-off versus Cédric Lalonde-McNicoll in Nordiques zone.
17:55 of 2nd period - Penalty to Alexander Steen is over, Alexander Steen is back on ice.
18:54 of 2nd period - Brian Pothier is hit by Oleg Saprykin and loses puck.
18:58 of 2nd period - Icing by Andrei Kostitsyn.
18:59 of 2nd period - Matt Duchene wins face-off versus Joe Thornton in Nordiques zone.
Goals for this period are 0 for Nordiques vs 0 for Predators.
Shots for this period are 4 for Nordiques vs 10 for Predators.
3rd period
0:01 of 3rd period - Matt Duchene wins face-off versus Joe Thornton in neutral zone.
0:22 of 3rd period - Minor Penalty to Jordan Leopold for Hooking.
0:23 of 3rd period - Jeff Halpern wins face-off versus Alexander Ovechkin in Nordiques zone.
1:16 of 3rd period - Alexei Ponikarovsky is hit by Joe Thornton.
2:22 of 3rd period - Penalty to Jordan Leopold is over, Jordan Leopold is back on ice.
2:49 of 3rd period - Slapshot by Bryan McCabe.
2:49 of 3rd period - Stopped by Kari Lehtonen without a rebound.
2:50 of 3rd period - Andy Miele wins face-off versus Cédric Lalonde-McNicoll in Predators zone.
2:54 of 3rd period - Off-side.
2:55 of 3rd period - Joe Thornton wins face-off versus Cédric Lalonde-McNicoll in neutral zone.
3:18 of 3rd period - Alexander Ovechkin is hit by Cédric Lalonde-McNicoll and loses puck.
3:23 of 3rd period - Wrist shot by Marcel Hossa.
3:23 of 3rd period - Shot Misses the Net.
3:25 of 3rd period - Snap shot by Alexander Perezhogin.
3:25 of 3rd period - Goal by Alexander Perezhogin - Nordiques : 4 - Predators : 0.
3:26 of 3rd period - Joe Thornton wins face-off versus Peter Prucha in neutral zone.
3:42 of 3rd period - Snap shot by Alexander Ovechkin.
3:42 of 3rd period - Shot Misses the Net.
4:06 of 3rd period - Wrist shot by Andrei Kostitsyn.
4:06 of 3rd period - Shot Blocked by Oleg Saprykin.
4:08 of 3rd period - Wrist shot by Peter Prucha.
4:08 of 3rd period - Stopped by Kari Lehtonen with a rebound.
4:10 of 3rd period - Wrist shot by Matt Duchene.
4:10 of 3rd period - Stopped by Kari Lehtonen without a rebound.
4:11 of 3rd period - Joe Thornton wins face-off versus Cédric Lalonde-McNicoll in Predators zone.
4:13 of 3rd period - Minor Penalty to Joe Thornton for Holding.
4:14 of 3rd period - Marcel Hossa wins face-off versus Michael Grabner in Predators zone.
4:14 of 3rd period - Wrist shot by Alexander Perezhogin.
4:14 of 3rd period - Stopped by Kari Lehtonen with a rebound.
4:16 of 3rd period - Snap shot by Cédric Lalonde-McNicoll.
4:16 of 3rd period - Goal by Cédric Lalonde-McNicoll - Nordiques : 5 - Predators : 0.
4:16 of 3rd period - Ray Emery enters game.
4:17 of 3rd period - Cédric Lalonde-McNicoll wins face-off versus Joe Thornton in neutral zone.
4:26 of 3rd period - Snap shot by Marcel Hossa.
4:26 of 3rd period - Shot Misses the Net.
4:42 of 3rd period - Ivan Vishnevski is hit by Alexander Edler and loses puck.
6:03 of 3rd period - Joe Thornton is hit by Matt Duchene and loses puck.
6:18 of 3rd period - Wrist shot by Alexander Steen.
6:18 of 3rd period - Stopped by Jean-Sébastien Giguère without a rebound.
6:19 of 3rd period - Kris Vernarsky wins face-off versus Rickard Wallin in Nordiques zone.
6:32 of 3rd period - Wrist shot by Alexander Steen.
6:32 of 3rd period - Shot Misses the Net.
6:46 of 3rd period - Ed Jovanovski is hit by Alexander Edler and loses puck.
7:07 of 3rd period - Slapshot by Alexander Edler.
7:07 of 3rd period - Shot Blocked by Matt Duchene.
8:43 of 3rd period - Snap shot by Georges Laraque.
8:43 of 3rd period - Goal by Georges Laraque - Nordiques : 5 - Predators : 1.
8:44 of 3rd period - Joe Thornton wins face-off versus Matt Duchene in neutral zone.
8:53 of 3rd period - Snap shot by Alexander Ovechkin.
8:53 of 3rd period - Stopped by Jean-Sébastien Giguère without a rebound.
8:54 of 3rd period - Joe Thornton wins face-off versus Matt Duchene in Nordiques zone.
8:57 of 3rd period - Snap shot by Joe Thornton.
8:57 of 3rd period - Shot Misses the Net.
9:05 of 3rd period - Slapshot by Bryan McCabe.
9:05 of 3rd period - Stopped by Ray Emery with a rebound.
9:07 of 3rd period - Wrist shot by Peter Prucha.
9:07 of 3rd period - Shot Blocked by Ryan Mcdonagh.
9:13 of 3rd period - Snap shot by Andrei Kostitsyn.
9:13 of 3rd period - Shot Misses the Net.
9:15 of 3rd period - Wrist shot by Peter Prucha.
9:15 of 3rd period - Shot Blocked by Alexander Edler.
9:17 of 3rd period - Snap shot by Peter Prucha.
9:17 of 3rd period - Shot Misses the Net.
9:19 of 3rd period - Wrist shot by Matt Duchene.
9:19 of 3rd period - Deflect By Peter Prucha.
9:19 of 3rd period - Shot Misses the Net.
9:19 of 3rd period - Puck is out of play.
9:20 of 3rd period - Kris Vernarsky wins face-off versus Cédric Lalonde-McNicoll in Predators zone.
9:20 of 3rd period - Kris Vernarsky is hit by Cédric Lalonde-McNicoll.
9:42 of 3rd period - Minor Penalty to Jordan Leopold for Slashing.
9:43 of 3rd period - Jeff Halpern wins face-off versus Joe Thornton in Nordiques zone.
9:58 of 3rd period - Wrist shot by Joe Thornton.
9:58 of 3rd period - Shot Blocked by Ryan Parent.
10:00 of 3rd period - Slapshot by Michael Grabner.
10:00 of 3rd period - Stopped by Jean-Sébastien Giguère without a rebound.
10:01 of 3rd period - Kris Vernarsky wins face-off versus Jeff Halpern in Nordiques zone.
10:13 of 3rd period - Off-side.
10:14 of 3rd period - Joe Thornton wins face-off versus Jeff Halpern in neutral zone.
10:17 of 3rd period - Snap shot by Joe Thornton.
10:17 of 3rd period - Shot Misses the Net.
10:19 of 3rd period - Slapshot by Ryan Mcdonagh.
10:19 of 3rd period - Shot Blocked by Ryan Parent.
10:29 of 3rd period - Snap shot by Joe Thornton.
10:29 of 3rd period - Goal by Joe Thornton - Nordiques : 5 - Predators : 2.
10:30 of 3rd period - Joe Thornton wins face-off versus Matt Duchene in neutral zone.
10:55 of 3rd period - Cédric Lalonde-McNicoll is hit by Alexander Steen and loses puck.
11:39 of 3rd period - Snap shot by Bryan McCabe.
11:39 of 3rd period - Deflect By Andrei Kostitsyn.
11:39 of 3rd period - Shot Misses the Net.
11:39 of 3rd period - Puck is out of play.
11:40 of 3rd period - Matt Duchene wins face-off versus Joe Thornton in Predators zone.
11:41 of 3rd period - Snap shot by Andrei Kostitsyn.
11:41 of 3rd period - Stopped by Ray Emery with a rebound.
11:49 of 3rd period - Wrist shot by Alexander Ovechkin.
11:49 of 3rd period - Deflect By Brad Boyes.
11:49 of 3rd period - Stopped by Jean-Sébastien Giguère without a rebound.
11:50 of 3rd period - Joe Thornton wins face-off versus Cédric Lalonde-McNicoll in Nordiques zone.
11:53 of 3rd period - Wrist shot by Alexander Ovechkin.
11:53 of 3rd period - Stopped by Jean-Sébastien Giguère with a rebound.
11:55 of 3rd period - Slapshot by Barret Jackman.
11:55 of 3rd period - Deflect By Ryan Parent.
11:55 of 3rd period - Stopped by Jean-Sébastien Giguère with a rebound.
11:57 of 3rd period - Slapshot by Barret Jackman.
11:57 of 3rd period - Stopped by Jean-Sébastien Giguère without a rebound.
11:58 of 3rd period - Cédric Lalonde-McNicoll wins face-off versus Joe Thornton in Nordiques zone.
12:05 of 3rd period - Wrist shot by Joe Thornton.
12:05 of 3rd period - Shot Misses the Net.
12:07 of 3rd period - Backhand shot by Alexander Ovechkin.
12:07 of 3rd period - Goal by Alexander Ovechkin - Nordiques : 5 - Predators : 3.
12:08 of 3rd period - Andrei Kostitsyn wins face-off versus Joe Thornton in neutral zone.
12:19 of 3rd period - Wrist shot by Andrei Kostitsyn.
12:19 of 3rd period - Stopped by Ray Emery without a rebound.
12:20 of 3rd period - Joe Thornton wins face-off versus Matt Duchene in Predators zone.
12:37 of 3rd period - Snap shot by Joe Thornton.
12:37 of 3rd period - Shot Blocked by Ryan Parent.
12:51 of 3rd period - Slapshot by Ryan Parent.
12:51 of 3rd period - Shot Blocked by Robyn Regehr.
12:53 of 3rd period - Slapshot by Jordan Leopold.
12:53 of 3rd period - Stopped by Ray Emery without a rebound.
12:54 of 3rd period - Kris Vernarsky wins face-off versus Cédric Lalonde-McNicoll in Predators zone.
13:00 of 3rd period - Minor Penalty to Alexander Steen for Hooking.
13:01 of 3rd period - Matt Duchene wins face-off versus Joe Thornton in Predators zone.
13:06 of 3rd period - Snap shot by Andrei Kostitsyn.
13:06 of 3rd period - Stopped by Ray Emery with a rebound.
13:10 of 3rd period - Slapshot by Matt Duchene.
13:10 of 3rd period - Goal by Matt Duchene - Nordiques : 6 - Predators : 3.
13:11 of 3rd period - Joe Thornton wins face-off versus Matt Duchene in neutral zone.
14:29 of 3rd period - Minor Penalty to Matt Ellison for Holding Stick.
14:30 of 3rd period - Joe Thornton wins face-off versus Jeff Halpern in Nordiques zone.
14:37 of 3rd period - Wrist shot by Alexander Ovechkin.
14:37 of 3rd period - Shot Misses the Net.
14:39 of 3rd period - Slapshot by Robyn Regehr.
14:39 of 3rd period - Deflect By Joe Thornton.
14:39 of 3rd period - Stopped by Jean-Sébastien Giguère with a rebound.
14:41 of 3rd period - Wrist shot by Alexander Ovechkin.
14:41 of 3rd period - Stopped by Jean-Sébastien Giguère with a rebound.
14:43 of 3rd period - Backhand shot by Michael Grabner.
14:43 of 3rd period - Shot Blocked by Ryan Parent.
14:45 of 3rd period - Slapshot by Danny Richmond.
14:45 of 3rd period - Stopped by Jean-Sébastien Giguère with a rebound.
14:47 of 3rd period - Snap shot by Alexander Ovechkin.
14:47 of 3rd period - Goal by Alexander Ovechkin - Nordiques : 6 - Predators : 4.
14:48 of 3rd period - Matt Duchene wins face-off versus Joe Thornton in neutral zone.
14:59 of 3rd period - Slapshot by Andrei Kostitsyn.
14:59 of 3rd period - Shot Misses the Net.
15:40 of 3rd period - Snap shot by Alexander Steen.
15:40 of 3rd period - Stopped by Jean-Sébastien Giguère with a rebound.
16:02 of 3rd period - Marcel Hossa is hit by Robyn Regehr and loses puck.
16:33 of 3rd period - Danny Richmond is hit by Andrei Kostitsyn and loses puck.
16:38 of 3rd period - Snap shot by Andrei Kostitsyn.
16:38 of 3rd period - Stopped by Ray Emery without a rebound.
16:39 of 3rd period - Rickard Wallin wins face-off versus Joe Thornton in Predators zone.
16:50 of 3rd period - Wrist shot by Alexander Ovechkin.
16:50 of 3rd period - Shot Blocked by Jordan Leopold.
16:52 of 3rd period - Slapshot by Barret Jackman.
16:52 of 3rd period - Stopped by Jean-Sébastien Giguère with a rebound.
16:54 of 3rd period - Slapshot by Kent Huskins.
16:54 of 3rd period - Shot Misses the Net.
16:56 of 3rd period - Snap shot by Joe Thornton.
16:56 of 3rd period - Deflect By Mattias Weinhandl.
16:56 of 3rd period - Shot Misses the Net.
16:56 of 3rd period - Puck is out of play.
16:57 of 3rd period - Andy Miele wins face-off versus Jeff Halpern in Nordiques zone.
16:58 of 3rd period - Snap shot by Danny Richmond.
16:58 of 3rd period - Stopped by Jean-Sébastien Giguère with a rebound.
17:22 of 3rd period - Ryan Parent is hit by Joe Thornton and loses puck.
18:02 of 3rd period - Minor Penalty to Alexander Steen for Holding Stick.
18:03 of 3rd period - Andrei Kostitsyn wins face-off versus Joe Thornton in Predators zone.
18:10 of 3rd period - Snap shot by Matt Duchene.
18:10 of 3rd period - Shot Misses the Net.
18:54 of 3rd period - Slapshot by Danny Richmond.
18:54 of 3rd period - Shot Blocked by Ivan Vishnevski.
Goals for this period are 3 for Nordiques vs 4 for Predators.
Shots for this period are 13 for Nordiques vs 17 for Predators.
Output by the SimonT Hockey Simulator (STHS) for François Prévost -- Original Page W3C XHTML 1.0 Valid